 Adventure DCSS version bcrawl-1.40.3b (webtiles) character file.

Game seed: 7099446991630711192

447758 petercordia the Unseen (level 16, 83/83 HPs)
             Began as a Spriggan Monk on Sept 1, 2022.
             Was the Champion of Hepliaklqana.
             Got out of the dungeon alive.
             The game lasted 02:48:18 (29187 turns).

petercordia the Unseen (Spriggan Monk)             Turns: 29187, Time: 02:48:19

Health: 83/83      AC:  8    Str: 13    XL:     16   Next: 14%
Magic:  30/30      EV: 34    Int: 15    God:    Hepliaklqana [******]
Gold:   395        SH:  0    Dex: 23    Spells: 9/33 levels left
                                        Lives:  2   Deaths: 0

rFire    . . .     GDR:     33% a - +2 dagger (elec)
rCold    + . .     SeeInvis +   (shield restricted)
rNeg     + . .     Gourm    .   K - +0 acid dragon scales
rPois    +         Faith    .   o - +2 hat of the Bear Spirit {Spirit, +Rage rN+ MR++}
rElec    .         Spirit   +   X - scarf {repulsion}
rCorr    +         Reflect  .   (gloves unavailable)
MR       ++++.                  (boots unavailable)
Stlth    +++++++...             J - amulet of the Sun {Spirit Str+4 Int+3}
HPRegen  0.23/turn              S - ring of the Lost Lovers {+Fly rPois SInv}
MPRegen  0.22/turn              R - ring of protection from cold

@: flying, studying Translocations, repel missiles, very quick
A: very small, unfitting armour, reduced essence, see invisible, herbivore,
speed 3, slow metabolism 2
a: Recall Ancestor, Ancestor Identity, Transference, Incarnate, Renounce
Religion, Evoke Berserk Rage, Stop Flying


You escaped.
You worshipped Hepliaklqana.
Hepliaklqana was exalted by your worship.
You were hungry.

You visited 5 branches of the dungeon, and saw 23 of its levels.
You also visited: Sewer, Bailey and Gauntlet.

You collected 2519 gold pieces.
You spent 2124 gold pieces at shops.

Inventory:

Hand Weapons
 a - a +2 dagger of electrocution (weapon)
 b - a +3 hand crossbow of freezing
 w - a +9 blowgun
Missiles
 i - 5 throwing nets {=f}
 q - 1504 bolts
 t - 574 poisoned needles
 y - 1106 poisoned tomahawks (quivered)
 B - 20 curare-tipped needles
 N - 23 needles of confusion
Armour
 o - the +2 hat of the Bear Spirit (worn) {Spirit, +Rage rN+ MR++}
   (You found it on level 1 of the Shoals)

   It protects you from negative energy.
   It affects your resistance to hostile enchantments.
   It lets you go berserk.
 K - +0 acid dragon scales (worn)
 X - a scarf of repulsion (worn)
Jewellery
 J - the amulet of the Sun (around neck) {Spirit Str+4 Int+3}
   (You found it in a Gauntlet)

   [amulet of guardian spirit]

   It causes incoming damage to be split between your health and magic.
   It affects your strength (+4).
   It affects your intelligence (+3).
 R - a ring of protection from cold (right hand)
 S - the ring of the Lost Lovers (left hand) {+Fly rPois SInv}
   (You took it off a minotaur in a Gauntlet)

   [ring of see invisible]

   It protects you from poison.
   It lets you see invisible.
   It lets you fly.
 W - a +7 ring of strength
Wands
 h - a wand of digging (13)
 j - a wand of acid (24)
 m - a wand of disintegration (13)
 x - a wand of paralysis (2)
 D - a wand of iceblast (17)
 F - a wand of clouds (5)
 O - a wand of polymorph (20)
 U - a wand of flame (47)
Scrolls
 d - 4 scrolls of revelation
 f - 9 scrolls of remove curse
 u - 5 scrolls of enchant weapon
 v - 2 scrolls of fear
 A - 2 scrolls of fog
 C - 5 scrolls of blinking
 Q - 6 scrolls of teleportation
 T - 5 scrolls of immolation
 Y - a scroll of summoning
Potions
 g - a potion of berserk rage
 l - 13 potions of curing
 n - 9 potions of heal wounds
 r - 3 potions of magic
 s - 4 potions of might
 E - 3 potions of cancellation
 G - 4 potions of agility
 H - 3 potions of invisibility
 I - 3 potions of ambrosia
 L - 3 potions of mutation
 M - 2 potions of brilliance
 P - 2 potions of resistance
 V - a potion of haste
Miscellaneous
 c - a fan of gales (2/2)
 k - a lamp of fire
 p - a phantom mirror
 Z - a lightning rod (4/4)
Comestibles
 e - 28 rations {!d}


   Skills:
 * Level 14.4 Fighting
 * Level 13.4 Short Blades
 * Level 16.7 Dodging
 + Level 18.5 Stealth
 + Level 9.1 Spellcasting
 + Level 12.5 Hexes
 - Level 4.0 Transmutations
 - Level 2.0 Earth Magic
 - Level 3.0 Invocations
 + Level 7.7 Evocations


You had 9 spell levels left.
You knew the following spells:

 Your Spells              Type           Power        Failure   Level  Hunger
c - Confuse               Hex            #####...     1%          3    None
d - Darkness              Hex            #####.....   14%         6    ######.
f - Cause Fear            Hex            #####.....   1%          4    ##.....
i - Invisibility          Hex            #####...     14%         6    ######.
p - Passwall              Tmut/Erth      ###.....     7%          2    None
w - Tukima's Dance        Hex            #####...     1%          3    None

Your spell library contained the following spells:

 Spells                   Type           Power        Failure   Level  Hunger
 Slow                     Hex            #####...     1%          1    None
 Ensorcelled Hibernation  Hex/Ice        ####..       1%          2    None
 Beastly Appendage        Tmut           ###...       3%          1    None
 Dazzling Orbs            Conj/Hex       ####...      3%          3    None
 Sandblast                Erth           ##....       7%          1    None
 Throw Frost              Conj/Ice       #.....       10%         2    None
 Fulminant Prism          Conj/Hex       ####......   12%         4    ##.....
 Apportation              Tloc           #.....       16%         1    None
 Freeze                   Ice            #.....       16%         1    None
 Magic Dart               Conj           #...         16%         1    None
 Summon Butterflies       Summ           #.......     16%         1    None
 Summon Small Mammal      Summ           #...         16%         1    None
 Call Imp                 Summ           #.....       24%         2    None
 Searing Ray              Conj           #.......     24%         2    None
 Stone Arrow              Conj/Erth      #.....       30%         3    None
 Silence                  Hex/Air        ####......   32%         5    ####...
 Petrify                  Tmut/Erth      ###.......   41%         4    ##.....
 Beckoning                Tloc           #.........   43%         3    None
 Call Canine Familiar     Summ           #.......     43%         3    None
 Iskenderun's Mystic Bla  Conj           #.......     43%         3    None
 Ozocubu's Armour         Chrm/Ice       #.......     43%         3    None
 Ice Form                 Ice/Tmut       ##......     56%         4    ##.....
 Summon Ice Beast         Ice/Summ       #.......     83%         4    ##.....
 Throw Icicle             Conj/Ice       #.......     83%         4    ##.....
 Irradiate                Conj/Tmut      ##........   88%         5    ####...
 Lee's Rapid Deconstruct  Erth           ##........   88%         5    ####...
 Infestation              Hex/Tmut/Pois  ###......    94%         6    ######.
 Summon Lightning Spire   Summ/Air       #.......     99%         5    ####...
 Borgnjor's Vile Clutch   Necr/Erth      #.........   100%        6    ######.
 Conjure Ball Lightning   Conj/Air       #.........   100%        6    ######.
 Deflect Missiles         Chrm/Air       #.........   100%        6    ######.
 Simulacrum               Ice/Necr       #.......     100%        6    ######.
 Shadow Creatures         Summ           N/A          100%        7    #######
 Time Stop                Chrm/Tloc      N/A          100%        8    #######
 Tornado                  Tloc/Air       #.........   100%        8    #######


Dungeon Overview and Level Annotations

Branches:
Dungeon (12/12)            Temple (1/1) D:7            Lair (6/6) D:8
 Shoals (3/3) Lair:4       Spider (0/3) Lair:2        Slime (0/5) Lair:5
    Orc (1/1) D:11            Elf (0/3) Orc          Depths (0/5) D:12
 Vaults: D:11-12

Altars:
Ashenzari
Cheibriados
Dithmenos
Elyvilon
Fedhas
Gozag
Hepliaklqana
Kikubaaqudgha
Lugonu
Makhleb
Nemelex Xobeh
Okawaru
Qazlal
Ru
Sif Muna
Trog
Uskayaw
Vehumet
Wu Jian
Xom
Yredelemnul
Zin
The Shining One
Jiyva

Shops:
D:4 :   D:7 !   D:10 *   Orc :!(%*

Annotations:
D:12 exclusions: hydra, mana viper, shadow wraith and troll, Louise, Rupert
Lair:1 exclusion: oklob plant


Innate Abilities, Weirdness & Mutations

You are very small and have problems with some larger weapons.
You are too small for most types of armour.
You have supernaturally acute eyesight. (SInv)
You are a herbivore.
You cover ground extremely quickly.
You need to consume almost no food.
Your life essence is reduced to manifest your ancestor. (-10% HP)


Message History

a +0 leather armour; a +0 mace
There is a stone staircase leading up here.
You fly upwards.
There is a stone staircase leading down here.
Things that are here:
a +0 scale mail; a cursed +0 hunting sling
There is an open door here.
There is an open door here.
You see here a giant club.
There is a stone staircase leading down here.
There is a stone staircase leading up here.
You fly upwards.
There is a stone staircase leading down here.
You see here a +0 whip.
There is a stone staircase leading up here.
You fly upwards.
There is a stone staircase leading down here.
There is a staircase leading out of the dungeon here.
Are you sure you want to leave the Dungeon?
This will make you lose the game!
You have escaped!

#....###.#.#.##.####.# #.
#.#####.##...##......###.
#.# #.###.#.............
#.#####.##...#######.###.
##....###.#..>......#.# #.
#..##.# ##...######.#.# #.
#≈.##.#####..# #.#.# #.
#≈...........# #.#.# ##
#≈≈.....#@...### #.#.#
#≈≈≈≈...##.....# #.#.####
#≈≈≈≈≈≈......#.# #.#.....
#≈≈≈≈≈≈≈≈....#.# #.#####.
#≈≈≈≈≈≈≈≈≈...#.# ##.# #.
#≈≈≈≈≈≈≈≈≈≈....###..# #.
#≈≈≈≈≈≈≈≈≈≈.........#####.
#≈≈≈≈≈≈≈≈≈≈≈..............
#≈≈≈≈≈≈≈≈≈≈≈...##...###...


There were no monsters in sight!

Vanquished Creatures
  Gastronok (D:10)
  2 merfolk javelineers
  Urug (D:10)
  A yaktaur captain (D:12)
  A hydra (Lair:4)
  Psyche (D:8)
  2 merfolk avatars
  3 satyrs
  2 two-headed ogres
  A vampire mage (D:12)
  A death scarab (Gauntlet)
  5 sea snakes
  An orc high priest (Orc)
  6 death yaks
  Sonja (D:12)
  A centaur warrior (D:12)
  6 skeletal warriors
  An unseen horror (D:11)
  6 orc knights
  A wolf spider zombie (D:10)
  A necromancer (D:12)
  3 ugly things
  2 salamanders (shapeshifter)
  5 orc sorcerers (Orc)
  3 manticores
  4 merfolk sirens
  3 fauns
  7 elephants
  Joseph (D:10)
  A gargoyle (D:12)
  2 water nymphs (Shoals:2)
  3 black mambas
  9 cane toads
  A kobold demonologist (D:11)
  3 rime drakes
  14 komodo dragons
  A freezing wraith (D:11)
  An eye of draining (D:10)
  A dryad (D:8)
  2 polar bears
  5 merfolk
  2 trolls
  Grinder (D:3)
  6 slime creatures (D:12)
  7 hippogriffs
  8 blink frogs
  3 snapping turtles
  An ettin zombie (D:12)
  A dream sheep (Lair:6)
  2 vampires
  28 yaks
  3 wraiths
  2 shadows
  2 water elementals
  3 wyverns
  2 basilisks
  A neqoxec (Gauntlet)
  A hungry ghost (D:11)
  2 steam dragons
  A harpy simulacrum (D:12)
  An acid dragon (D:12)
  A warg (Bailey)
  14 crocodiles
  6 porcupines
  10 water moccasins
  Duvessa (D:7)
  25 orc warriors
  4 ice beasts
  2 phantoms
  6 sky beasts
  5 black bears
  A necrophage (D:8)
  6 ogres
  14 wolves
  14 bullfrogs
  5 kobold brigands
  8 centaurs
  Dowan (D:7)
  3 scorpions
  5 killer bees (D:8)
  6 wights
  The ghost of Lazarus1551 the Magician, a weakling OnWz (D:3)
  5 howler monkeys
  18 orc priests
  An electric eel (Lair:5)
  8 crimson imps
  5 jellies
  26 orc wizards
  A quasit (D:9)
  6 hounds
  A bullfrog skeleton (D:5)
  Natasha (thrice) (D:4)
  An iguana (D:6)
  3 worker ants
  Ijyb (D:3)
  6 hell rats
  A killer bee zombie (D:8)
  A hound zombie (D:8)
  3 hound skeletons
  Robin (D:3)
  A worker ant zombie (D:8)
  16 adders
  9 gnolls
  4 river rats
  4 shadow imps
  5 oozes
  An adder zombie (D:8)
  3 adder skeletons
  8 worms
  3 dart slugs
  3 leopard geckos
  85 orcs
  3 ball pythons
  4 giant cockroaches
  13 goblins
  16 hobgoblins
  9 jackals
  18 kobolds
  3 quokkas
  9 bats
  A frilled lizard (D:1)
  12 rats
  A plant (Lair:6)
653 creatures vanquished.

Vanquished Creatures (collateral kills)
  An orc warlord (Orc)
  A minotaur (Gauntlet)
  A dire elephant (Gauntlet)
  Josephine (Lair:6)
  Harold (Lair:6)
  2 hydras (Lair:6)
  4 death yaks (Lair:6)
  A two-headed ogre (D:8)
  2 centaur warriors
  5 skeletal warriors
  A cyclops (Orc)
  An orc sorcerer (Orc)
  An orc knight (Bailey)
  4 manticores
  2 ugly things
  11 fauns
  3 merfolk sirens
  3 elephants
  2 water nymphs
  2 black mambas
  4 cane toads
  A yaktaur zombie (D:12)
  8 komodo dragons
  An efreet (D:10)
  3 rime drakes (Lair:6)
  A merfolk (Shoals:3)
  A polar bear (Lair:6)
  A troll (D:11)
  A wind drake (Shoals:2)
  2 harpy skeletons
  2 blink frogs
  A spriggan zombie (D:12)
  3 hippogriffs
  A slime creature (D:12)
  4 dream sheep
  A snapping turtle (Shoals:1)
  A fire dragon zombie (D:12)
  2 wraiths (Lair:6)
  2 water elementals
  2 wyverns (Lair:6)
  11 yaks
  2 chaos spawn (Gauntlet)
  A crocodile (Lair:6)
  3 water moccasins
  5 orc warriors
  A porcupine (Lair:2)
  A hornet zombie (D:9)
  6 wolves
  A bullfrog (D:10)
  3 centaurs (D:12)
  A scorpion (D:11)
  A howler monkey (D:9)
  A statue (D:8)
  4 wights
  An electric eel (Lair:2)
  An orc priest (Orc)
  A gnoll shaman (D:8)
  5 orc wizards
  5 hell rats
  5 gnolls
  An adder (D:10)
  An ooze (Lair:5)
  20 orcs
  A goblin (D:9)
  2 kobolds
  4 plants
179 creatures vanquished.

Vanquished Creatures (others)
  A dream sheep (Bailey)
  A hound (Bailey)
  19 battlemagi
  A butterfly (D:9)
  21 fungi
  61 plants
  2 withered plants (D:12)
106 creatures vanquished.

Grand Total: 938 creatures vanquished

Notes
Turn   | Place    | Note
-------+----------+-------------------------------------------
     0 | D:1      | petercordia the Spriggan Monk began the quest for the Orb.
     0 | D:1      | Reached XP level 1. HP: 11/11 MP: 3/3
   146 | D:1      | Reached XP level 2. HP: 11/16 MP: 4/4
   610 | D:2      | Reached XP level 3. HP: 17/19 MP: 3/5
   818 | D:3      | Reached skill level 5 in Dodging
  1078 | D:4      | Reached skill level 4 in Stealth
  1078 | D:4      | Reached XP level 4. HP: 21/24 MP: 6/6
  1090 | D:4      | Noticed Natasha
  1215 | D:4      | Got a transparent hat
  1226 | D:4      | Identified the +2 hat of Sif Muna's Approval {rN+ Dex+3}
                  | (You found it on level 4 of the Dungeon)
  1339 | D:4      | Noticed a sky beast
  1344 | D:4      | Killed a sky beast
  1345 | D:4      | Reached skill level 5 in Short Blades
  1345 | D:4      | Reached skill level 5 in Stealth
  1345 | D:4      | Reached XP level 5. HP: 22/28 MP: 7/7
  1525 | D:4      | Reached XP level 6. HP: 32/32 MP: 8/8
  1617 | D:4      | Found a glowing drain.
  1621 | Sewer    | Entered a sewer
  1814 | Sewer    | Reached skill level 6 in Stealth
  2109 | Sewer    | Reached XP level 7. HP: 37/37 MP: 9/9
  2375 | D:5      | Entered Level 5 of the Dungeon
  2866 | D:5      | Reached skill level 7 in Stealth
  3177 | D:6      | Reached skill level 1 in Evocations
  3177 | D:6      | Reached XP level 8. HP: 42/42 MP: 10/10
  3202 | D:6      | Found a bloodstained altar of Trog.
  3341 | D:6      | Reached skill level 8 in Stealth
  3720 | D:7      | Reached skill level 9 in Stealth
  4100 | D:4      | Killed Natasha
  4182 | D:4      | Found Vauskoll's Book Boutique.
  4251 | D:4      | Noticed Natasha
  4279 | D:4      | Killed Natasha
  4509 | D:4      | Noticed Natasha
  4519 | D:4      | Killed Natasha
  4861 | D:7      | Reached skill level 10 in Stealth
  4875 | D:7      | Reached XP level 9. HP: 34/46 MP: 9/12
  5037 | D:7      | Found Egrig's Distillery.
  5042 | D:7      | Bought a potion of might for 48 gold pieces
  5042 | D:7      | Bought a potion of heal wounds for 60 gold pieces
  5048 | D:7      | Found a staircase to the Ecumenical Temple.
  5058 | Temple   | Entered the Ecumenical Temple
  5358 | D:7      | Noticed Duvessa
  5358 | D:7      | Noticed Dowan
  5405 | D:8      | Found a staircase to the Lair.
  5502 | D:7      | Reached skill level 5 in Fighting
  5537 | D:7      | Killed Duvessa
  5634 | D:3      | Found a large runed translucent door.
  5636 | D:3      | Noticed Ijyb
  5643 | D:3      | Killed Ijyb
  5662 | D:3      | Found a large runed translucent door.
  5664 | D:3      | Noticed Lazarus1551's ghost (weakling OnWz)
  5685 | D:3      | Killed Lazarus1551's ghost
  5810 | D:3      | Noticed Robin
  5860 | D:3      | Killed Robin
  6005 | D:3      | Noticed Grinder
  6013 | D:3      | Killed Grinder
  6046 | D:3      | Found a radiant altar of Vehumet.
  6047 | D:3      | Found a burning altar of Makhleb.
  8102 | D:1      | Found a white marble altar of Elyvilon.
  8497 | D:7      | Reached skill level 11 in Stealth
  8498 | D:7      | Found a bloodstained altar of Trog.
  8852 | D:8      | Noticed Psyche
  8857 | D:8      | Killed Psyche
  8858 | D:8      | Reached skill level 12 in Stealth
  8858 | D:8      | Reached skill level 5 in Evocations
  8858 | D:8      | Reached XP level 10. HP: 53/53 MP: 13/15
  8952 | D:8      | Reached skill level 10 in Dodging
  9063 | D:8      | Reached skill level 10 in Short Blades
  9129 | D:8      | Noticed an elephant
  9131 | D:8      | Reached skill level 13 in Stealth
  9284 | D:8      | Noticed a two-headed ogre
  9406 | D:8      | Found a shadowy altar of Dithmenos.
  9408 | D:8      | Found a hide-covered altar of Uskayaw.
  9408 | D:8      | Found an iron altar of Okawaru.
  9408 | D:8      | Found a corrupted altar of Lugonu.
  9546 | D:8      | Found a sacrificial altar of Ru.
  9546 | D:8      | Found a hazy altar of Hepliaklqana.
  9555 | D:8      | Became a worshipper of Hepliaklqana the Forgotten
  9555 | D:8      | Reached * piety under Hepliaklqana
  9555 | D:8      | Reached ** piety under Hepliaklqana
  9556 | D:8      | Remembered your ancestor Quintus as a battlemage
  9872 | D:8      | Killed a two-headed ogre
  9897 | D:8      | Killed an elephant
 10002 | D:8      | Reached XP level 11. HP: 52/52 MP: 17/17
 10136 | D:7      | Found a staircase to the Ecumenical Temple.
 10143 | D:7      | Found Egrig's Distillery.
 10200 | D:7      | Found a bloodstained altar of Trog.
 10331 | D:7      | Killed Dowan
 10381 | Lair:1   | Entered Level 1 of the Lair of Beasts
 10765 | Lair:1   | Noticed an oklob plant
 10879 | Lair:1   | Reached skill level 14 in Stealth
 11478 | Lair:2   | Found a hole to the Spider Nest.
 11641 | Lair:2   | Reached *** piety under Hepliaklqana
 11880 | Lair:2   | Reached skill level 15 in Stealth
 12698 | Lair:3   | Reached XP level 12. HP: 57/57 MP: 18/18
 13142 | Lair:3   | Reached skill level 16 in Stealth
 13307 | Lair:3   | Reached **** piety under Hepliaklqana
 13553 | Lair:4   | Noticed a four-headed hydra
 13555 | Lair:4   | Killed a four-headed hydra
 14080 | Lair:4   | Noticed a death yak
 14080 | Lair:4   | Noticed a death yak
 14081 | Lair:4   | Noticed a death yak
 14082 | Lair:4   | Noticed a death yak
 14084 | Lair:4   | Noticed a death yak
 14113 | Lair:4   | Killed a death yak
 14123 | Lair:4   | Killed a death yak
 14133 | Lair:4   | Killed a death yak
 14134 | Lair:4   | Reached skill level 17 in Stealth
 14149 | Lair:4   | Killed a death yak
 14150 | Lair:4   | Reached skill level 15 in Dodging
 14442 | Lair:4   | Killed a death yak
 14554 | Lair:4   | Found a staircase to the Shoals.
 14568 | Lair:4   | Reached XP level 13. HP: 62/62 MP: 19/19
 15126 | Lair:5   | Found a gate leading to a gauntlet.
 15138 | Gauntlet | Entered a Gauntlet
 15138 | Gauntlet | Found a transporter.
 15146 | Gauntlet | Found a transporter.
 15148 | Gauntlet | Found a transporter.
 15150 | Gauntlet | Found a transporter.
 15167 | Gauntlet | Found a transporter.
 15185 | Gauntlet | Found a transporter.
 15193 | Gauntlet | Found a transporter.
 15210 | Gauntlet | Noticed a dire elephant
 15211 | Gauntlet | Found a transporter.
 15231 | Gauntlet | Reached ***** piety under Hepliaklqana
 15231 | Gauntlet | Found a transporter.
 15242 | Gauntlet | Found the +0 pair of hand wraps "Fists of Thunder" {elec,
                  | rElec Slay+2}
 15243 | Gauntlet | Found a transporter.
 15257 | Gauntlet | Found a transporter.
 15263 | Gauntlet | Found a transporter.
 15273 | Gauntlet | Found a transporter.
 15301 | Gauntlet | Found a transporter.
 15301 | Gauntlet | Noticed a green death
 15309 | Gauntlet | Found a transporter.
 15333 | Gauntlet | Found a transporter.
 15339 | Gauntlet | Found a transporter.
 15397 | Gauntlet | Found a transporter.
 15591 | Gauntlet | Killed a dire elephant
 15595 | Gauntlet | Got a faintly glowing lead amulet
 15597 | Gauntlet | Identified the amulet of the Sun {Spirit Str+4 Int+3} (You
                  | found it in a Gauntlet)
 15730 | Gauntlet | Identified the ring of the Lost Lovers {+Fly rPois SInv}
 15730 | Gauntlet | Noticed a minotaur
 15734 | Gauntlet | Killed a minotaur
 16083 | Lair:5   | Found a viscous altar of Jiyva.
 16083 | Lair:5   | Found a staircase to the Slime Pits.
 16083 | Lair:5   | Found a viscous altar of Jiyva.
 16656 | Lair:6   | Entered Level 6 of the Lair of Beasts
 16798 | Lair:6   | Reached skill level 18 in Stealth
 17361 | D:9      | Found a flagged portal.
 17388 | Bailey   | Entered a bailey
 17738 | Bailey   | Got a brightly glowing broad axe
 17739 | Bailey   | Identified the +10 broad axe of Haunted Courage {flame,
                  | rC++} (You found it in a bailey)
 17743 | Bailey   | Got an ancient whip
 18239 | D:4      | Bought a manual of Fighting for 1214 gold pieces
 18423 | D:9      | Found the +8 demon blade "Leech" {vamp, rN+ AC-5}
 18431 | D:9      | Found a white marble altar of Elyvilon.
 18583 | D:10     | Entered Level 10 of the Dungeon
 18641 | D:10     | Reached skill level 10 in Fighting
 18662 | D:10     | Noticed Joseph
 18667 | D:10     | Killed Joseph
 18905 | D:10     | Reached XP level 14. HP: 63/69 MP: 18/20
 19065 | D:10     | Noticed Gastronok
 19572 | D:10     | Learned a level 4 spell: Cause Fear
 19576 | D:10     | Learned a level 3 spell: Confuse
 19580 | D:10     | Learned a level 3 spell: Tukima's Dance
 19589 | D:10     | Noticed Urug
 19591 | D:10     | Found Gipinaguru's Assorted Antiques.
 19601 | D:10     | Killed Urug
 19776 | D:10     | Killed Gastronok
 19820 | D:11     | Found a staircase to the Orcish Mines.
 20540 | D:11     | Found a roughly hewn altar of Beogh.
 20986 | Orc      | Entered the Orcish Mines
 21306 | Orc      | Noticed an orc warlord
 21421 | Orc      | Killed an orc warlord
 21553 | Orc      | Found a staircase to the Elven Halls.
 21829 | Orc      | Reached ****** piety under Hepliaklqana
 22033 | Orc      | Found Negh's Food Emporium.
 22033 | Orc      | Found Egut's Distillery.
 22034 | Orc      | Found Uphiumusm's Book Shoppe.
 22037 | Orc      | Found Zemn's Weapon Emporium.
 22324 | Orc      | Found Mevor's Assorted Antiques.
 22426 | Orc      | Bought a potion of haste for 120 gold pieces
 22426 | Orc      | Bought a potion of invisibility for 96 gold pieces
 22426 | Orc      | Bought a potion of berserk rage for 36 gold pieces
 22722 | Lair:5   | Reached skill level 1 in Hexes
 22857 | Lair:6   | Reached skill level 1 in Spellcasting
 23076 | Lair:6   | Noticed Harold
 23088 | Lair:6   | Killed Harold
 23217 | Lair:6   | Reached skill level 5 in Hexes
 23315 | Lair:6   | Noticed Josephine
 23493 | Lair:6   | Reached XP level 15. HP: 56/79 MP: 16/21
 23589 | Lair:6   | Killed Josephine
 23695 | Lair:6   | Identified the Guide on the Mutagenic Frostbite
 23971 | Lair:6   | Reached skill level 5 in Spellcasting
 24627 | D:4      | Bought a book of Party Tricks for 550 gold pieces
 24634 | D:4      | Learned a level 6 spell: Invisibility
 24641 | D:4      | Learned a level 6 spell: Darkness
 24780 | D:12     | Entered Level 12 of the Dungeon
 24933 | D:12     | Noticed Sonja
 24938 | D:12     | Killed Sonja
 25005 | D:12     | Found a staircase to the Depths.
 25310 | D:12     | Reached skill level 10 in Hexes
 25356 | D:12     | Noticed Louise
 25818 | D:12     | Noticed Rupert
 26246 | Shoals:1 | Entered Level 1 of the Shoals
 26644 | Shoals:1 | Found the +2 hat of the Bear Spirit {Spirit, +Rage rN+
                  | MR++}
 26798 | Shoals:1 | Learned a level 2 spell: Passwall
 26867 | Shoals:1 | Reached skill level 1 in Transmutations
 26994 | Shoals:1 | Reached skill level 1 in Earth Magic
 27808 | Shoals:2 | Reached XP level 16. HP: 46/83 MP: 2/29
 28560 | Shoals:3 | Entered Level 3 of the Shoals
 28850 | Shoals:2 | Upgraded the game from bcrawl-1.36.5b to bcrawl-1.37.2
 28850 | Shoals:2 | Upgraded the game from bcrawl-1.37.2 to bcrawl-1.40.3b
 29187 | D:$      | Got out of the dungeon alive.

Skill      XL: |  1  2  3  4  5  6  7  8  9 10 11 12 13 14 15 16 |
---------------+-------------------------------------------------+-----
Short Blades   | 4 5 6 7 8 9 10 11 12 13 | 13.4
Dodging        | 5 6 7 8 9 11 12 15 16 | 16.7
Fighting       | 3 4 5 6 7 8 10 14 | 14.4
Stealth        | 4 5 6 7 10 12 13 15 17 18 | 18.5
Evocations     | 1 3 5 6 7 |  7.7
Invocations    | 3 |  3.0
Hexes          | 5 12 | 12.5
Spellcasting   | 3 8 9 |  9.1
Transmutations | 2 4 |  4.0
Earth Magic    | 1 2 |  2.0

Action                   |  1- 3 |  4- 6 |  7- 9 | 10-12 | 13-15 | 16-18 || total
-------------------------+-------+-------+-------+-------+-------+-------++-------
Melee: Short sword       |    12 |     9 |       |       |       |       ||    21
       Dagger            |    77 |   122 |   476 |   682 |  1495 |    82 ||  2934
 Fire: Hunting sling     |       |    33 |    13 |       |       |       ||    46
       Hand crossbow     |       |     7 |    21 |     8 |    52 |       ||    88
       Blowgun           |       |       |    26 |       |    37 |       ||    63
Throw: Stone             |       |     2 |     1 |     3 |       |       ||     6
       Tomahawk          |       |       |       |       |    31 |       ||    31
 Cast: Tukima's Dance    |       |       |       |       |    12 |     5 ||    17
       Invisibility      |       |       |       |       |     4 |     2 ||     6
       Cause Fear        |       |       |       |       |     3 |     1 ||     4
       Confuse           |       |       |       |       |     2 |     3 ||     5
Invok: Recall Ancestor   |       |       |       |     6 |    12 |     2 ||    20
       Ancestor Life: Ba |       |       |       |     1 |       |       ||     1
       Ancestor Identity |       |       |       |     1 |       |       ||     1
 Abil: Evoke Flight      |       |       |       |       |     1 |       ||     1
Evoke: Wand              |       |     1 |       |       |    25 |     8 ||    34
       Lamp of fire      |       |       |       |       |     1 |       ||     1
  Use: Scroll            |     1 |     3 |     3 |     8 |    11 |       ||    26
       Potion            |       |       |       |       |     1 |       ||     1
 Stab: Sleeping          |     7 |     3 |    37 |    29 |    56 |     2 ||   134
       Distracted        |       |       |     5 |    12 |    24 |     1 ||    42
       Confused          |       |       |       |       |     3 |       ||     3
       Fleeing           |       |       |       |       |       |     1 ||     1
  Eat: Ration            |       |     1 |     4 |     4 |    10 |     1 ||    20
Armor: Robe              |     2 |     6 |    13 |     2 |       |       ||    23
       Steam dragon scal |       |       |       |     7 |    28 |       ||    35
       Acid dragon scale |       |       |       |       |     5 |     3 ||     8
Dodge: Dodged            |    56 |    81 |   286 |   447 |  1015 |    58 ||  1943
       Deflected         |       |       |       |     1 |    17 |     3 ||    21
